Map: Ley Lines

Players

PiG - Winner!

  • Race: Zerg Zerg
  • League: Grandmaster
  • Spawn Location: 7:00

UedSoldier

  • Race: Protoss Protoss
  • Spawn Location: 1:00

VOD

Have the link to the VOD?

Description

Time

  • Played on: June 3, 2025, 7:26 p.m.
  • Length: 14:29
Show
View Real Time Build Order
Export as new Build Order

PiG Zerg - Winner!

Build Orders: Hatch First 

Get SALT Encoding   

  12  0:00  Drone  
  13  0:08  Drone  
  13  0:14  Extractor  
  13  0:15  Drone  
  15  0:21  Overlord  
  15  0:40  Drone  
  16  0:46  Hatchery  
  16  0:49  Drone  
  16  0:52  Drone  
  17  0:57  Drone  
  18  1:06  Extractor  
  17  1:12  Spawning Pool  
  17  1:16  Drone  
  17  1:18  Drone  
  18  1:29  Drone  
  19  1:37  Drone  
  20  1:53  Drone  
  21  1:59  Queen x2  
  21  2:00  Overlord  
  25  2:02  Zergling x2  
  26  2:11  Zergling x2  
  26  2:12  Metabolic Boost  
  27  2:16  Drone  
  28  2:24  Drone x2  
  30  2:35  Drone x2  
  32  2:41  Hatchery  
  31  2:46  Zergling x2  
  31  2:50  Overlord  
  32  2:55  Queen  
  34  3:02  Drone  
  34  3:07  Drone  
  34  3:10  Drone x5  
  40  3:20  Overlord  
  40  3:21  Drone x2  
  40  3:22  Drone  
  43  3:31  Roach Warren  
  43  3:32  Drone x2, Extractor  
  43  3:38  Drone  
  43  3:39  Drone x2  
  46  3:48  Overlord  
  46  3:50  Drone  
  46  3:53  Queen  
  49  4:04  Overlord  
  49  4:13  Roach x2  
  49  4:14  Roach  
  49  4:15  Zergling x18  
  64  4:19  Spore Crawler  
  64  4:21  Spore Crawler  
  62  4:29  Overlord x2  
  62  4:33  Ravager x2  
  62  4:36  Zergling x6  
  67  4:43  Ravager  
  66  4:47  Zergling x14  
  71  5:06  Zergling x14  
  64  5:17  Roach x5  
  68  5:35  Zergling x18  
  70  5:43  Drone x2  
  68  5:55  Drone x5  
  71  6:12  Drone x7  
  71  6:17  Queen  
  80  6:20  Ravager x2  
  80  6:21  Ravager x2  
  84  6:26  Ravager  
  85  6:40  Overlord x2  
  85  6:46  Drone x5  
  85  6:57  Lair  
  85  6:59  Queen  
  85  7:00  Extractor  
  86  7:01  Queen  
  88  7:10  Roach x5  
  88  7:11  Overlord x2  
  98  7:18  Overlord x2  
  98  7:30  Drone x3  
  98  7:31  Drone x9  
  109  7:38  Ravager  
  109  7:40  Hatchery  
  109  7:48  Overlord  
  109  7:49  Roach x5  
  119  7:59  Extractor  
  119  8:00  Extractor  
  119  8:05  Drone x3  
  120  8:06  Drone x3  
  120  8:11  Drone  
  120  8:12  Drone x2, Evolution Chamber  
  125  8:13  Drone x3, Extractor  
  127  8:21  Hatchery  
  127  8:26  Overlord x3  
  125  8:27  Roach x2  
  129  8:36  Ravager x2  
  129  8:37  Ravager x2  
  129  8:38  Roach x3  
  137  8:57  Roach x11  
  137  8:59  Ravager  
  137  9:00  Zergling x2  
  141  9:16  Roach x7  
  110  9:31  Roach x5  
  110  9:36  Roach x3  
  110  9:37  Ravager x2  
  126  9:43  Roach  
  123  10:02  Roach x7  
  123  10:03  Glial Reconstitution  
  133  10:20  Roach x6  
  133  10:21  Zergling x10  
  150  10:23  Overseer  
  150  10:27  Ravager  
  151  10:34  Queen  
  153  10:36  Queen  
  153  10:37  Zerg Missile Weapons Level 1  
  153  10:39  Overlord x2  
  153  10:41  Drone x9  
  164  10:48  Infestation Pit  
  163  10:56  Ravager x5  
  168  11:09  Roach x10  
  181  11:26  Ravager x2  
  181  11:27  Roach x4  
  181  11:28  Roach x2  
  181  11:29  Overlord  
  181  11:32  Extractor x2  
  193  11:39  Ravager x2  
  185  12:00  Ravager x4  
  170  12:18  Ravager x5  
  170  12:22  Roach Warren  
  167  12:25  Roach x5  
  167  12:27  Zergling x16  
  169  12:45  Ravager x2  
  167  12:53  Infestation Pit  
  150  12:59  Hatchery  
  150  13:00  Extractor  
  150  13:02  Extractor  
  150  13:04  Ravager  
  127  13:19  Roach x6  
  133  13:28  Drone x6  
  133  13:31  Drone x2  
  141  14:08  Drone x2  
  141  14:09  Drone x2  
  141  14:10  Drone x2  
  141  14:16  Overseer  
  141  14:27  Extractor x2  
Show
View Real Time Build Order
Export as new Build Order

UedSoldier Protoss 

Build Orders: 1 Gate Expand, Mass Adepts 

Get SALT Encoding   

  12  0:00  Probe  
  13  0:12  Probe  
  14  0:19  Pylon  
  14  0:24  Probe  
  15  0:33  Probe  
  15  0:38  Gateway  
  15  0:41  Probe  
  16  0:47  Assimilator  
  17  0:52  Probe  
  18  1:04  Probe  
  19  1:16  Probe  
  20  1:24  Nexus  
  20  1:34  Cybernetics Core  
  20  1:35  Probe  
  21  1:42  Assimilator  
  21  1:47  Probe  
  21  1:54  Pylon  
  22  1:59  Probe  
  23  2:02  Adept  
  23  2:08  Probe  
  23  2:10  Warp Gate  
  26  2:16  Probe  
  26  2:22  Twilight Council  
  27  2:26  Probe  
  28  2:32  Adept  
  28  2:36  Probe  
  31  2:38  Probe  
  32  2:48  Probe  
  32  2:50  Probe  
  34  2:51  Robotics Facility  
  34  2:52  Resonating Glaives  
  34  3:04  Gateway  
  34  3:08  Gateway  
  34  3:10  Gateway  
  34  3:16  Probe x2  
  36  3:22  Adept  
  38  3:28  Probe x2  
  38  3:30  Warp Prism  
  40  3:40  Probe  
  40  3:41  Probe  
  44  3:44  Pylon  
  44  3:47  Pylon  
  44  3:53  Probe x2  
  46  4:05  Adept x4  
  46  4:08  Pylon  
  54  4:12  Assimilator  
  54  4:25  Adept x4  
  54  4:29  Pylon  
  62  4:32  Probe x2  
  62  4:33  Observer  
  65  4:44  Probe  
  66  4:54  Adept x4  
  66  4:57  Pylon  
  66  4:58  Pylon  
  58  5:14  Adept x4  
  58  5:19  Immortal  
  60  5:37  Adept x4  
  62  5:46  Immortal  
  62  5:49  Probe  
  63  5:50  Assimilator  
  61  6:07  Gateway x3  
  61  6:08  Gateway, Probe  
  62  6:14  Immortal  
  62  6:15  Probe  
  63  6:20  Probe, Observer  
  68  6:27  Adept  
  68  6:28  Adept x2  
  68  6:29  Sentry  
  76  6:45  Nexus, Observer  
  76  6:46  Immortal  
  76  6:47  Pylon  
  72  6:58  Sentry x2  
  72  6:59  Sentry  
  82  7:07  Sentry x2  
  86  7:14  Pylon, Shield Battery  
  86  7:17  Immortal  
  86  7:26  Adept  
  92  7:30  Adept x2  
  92  7:31  Adept  
  98  7:39  Nexus  
  98  7:41  Stalker  
  98  7:43  Sentry  
  102  7:49  Pylon  
  102  7:55  Adept, Sentry  
  102  7:56  Adept x2  
  110  8:01  Pylon  
  110  8:10  Adept  
  110  8:11  Adept  
  114  8:13  Adept x2  
  118  8:24  Adept x3  
  118  8:26  Sentry  
  126  8:39  Adept x2  
  126  8:52  Adept x5  
  132  9:08  Adept x3  
  124  9:13  Adept x3  
  114  9:20  Observer  
  114  9:23  Adept  
  114  9:24  Adept  
  100  9:35  Adept x4  
  100  9:36  Sentry  
  102  9:39  Sentry  
  104  10:02  Adept x6  
  114  10:09  Sentry x2  
  118  10:19  Observer  
  118  10:24  Sentry x2  
  118  10:25  Adept x4  
  130  10:34  Adept, Sentry  
  134  10:37  Pylon  
  134  10:46  Adept x3  
  134  10:49  Pylon  
  140  10:55  Adept x2, Sentry  
  140  10:56  Zealot  
  148  11:02  Pylon  
  148  11:16  Adept x4  
  156  11:30  Pylon x2  
  156  11:32  Adept x2  
  158  11:33  Adept x2  
  146  12:01  Sentry x2  
  142  12:08  Adept  
  142  12:09  Adept x3  
  148  12:18  Adept  
  148  12:28  Zealot x3  
  148  12:29  Zealot x2  
  99  13:30  Zealot x2  
  99  13:31  Zealot x2  
  103  13:46  Nexus  
Tags
 
Composition
Mass Adepts
Matchup
PvZ
Player
PiG
Spawn Locations
Cross Positions
Add a new tag
Caveats
  • Supply blocks, unpowered buildings, or Contaminate may cause inaccurate times.
  • Supply counts are checked every 10 seconds.